 Dungeon Crawl Stone Soup version 0.29.1-1-gd02db6906a (webtiles) character file.

Game seed: 14880464564768515645

8638 Godmorgon the Thaumaturge (level 11, -9/82 HPs)
             Began as a Djinni Ice Elementalist on Oct 2, 2022.
             Was a Priest of Makhleb.
             Killed from afar by Harold (12 damage)
             ... with a harpoon shot
             ... on level 2 of the Lair of Beasts.
             The game lasted 00:45:37 (14507 turns).

Godmorgon the Thaumaturge (DjIE)                   Turns: 14507, Time: 00:45:38

Health: -9/82      AC: 11    Str:  7    XL:     11   Next: 59%
Gold:   37         EV: 13    Int: 20    God:    Makhleb [***...] SH:  0 Dex: 15

rFire   + + +      SeeInvis .     - Blade Hands
rCold   . . .      Faith    +   (shield currently unavailable)
rNeg    . . .      Spirit   .   F - +2 leather armour {rF+}
rPois   ∞          Reflect  .   (no helmet)
rElec   .          Harm     .   K - +1 cloak "Guabbeno" {rC+ Will++}
rCorr   +          Rampage  .   (gloves currently unavailable)
Will    +++..                   (boots unavailable)
Stlth   ++........              f - amulet of faith
HPRegen 0.23/turn               j - +4 ring of protection
MPRegen 0.00/turn               e - ring of resist corrosion

@: about to teleport, blade hands, flying
A: flying, sickness immunity, fire resistance 2, cold vulnerability 1, float,
innate caster, HP casting, extra vitality 1
a: End Transformation, Renounce Religion, Minor Destruction, Lesser Servant of
Makhleb


You were on level 2 of the Lair of Beasts.
You worshipped Makhleb.
Makhleb was most pleased with you.
You had blades for hands.
You visited 2 branches of the dungeon, and saw 12 of its levels.

You collected 449 gold pieces.
You spent 412 gold pieces at shops.

Inventory:

Hand Weapons
 a - a +4 dagger (melded)
 G - a +2 short sword of draining
Missiles
 g - 22 poisoned darts (quivered)
 E - a throwing net
 H - 2 curare-tipped darts
Armour
 l - a +0 cloak
 F - a +2 leather armour of fire resistance (worn)
 K - the +1 cloak "Guabbeno" (worn) {rC+ Will++}
   (You bought it in a shop on level 7 of the Dungeon)

   rC:        It protects you from cold.
   Will:      It greatly increases your willpower.
Jewellery
 e - a ring of resist corrosion (right blade hand)
 f - an amulet of faith (around neck)
 j - a +4 ring of protection (left blade hand)
Wands
 v - a wand of polymorph (10)
 x - a wand of roots (5)
 A - a wand of mindburst (18)
 C - a wand of light (4)
Scrolls
 c - 2 scrolls of identify
 d - 4 scrolls of teleportation
 k - 3 scrolls of immolation
 t - 2 scrolls of poison
 w - 3 scrolls of vulnerability
 y - 2 scrolls of blinking
 D - a scroll of butterflies {unknown}
 I - 2 scrolls of amnesia {unknown}
 J - a scroll of enchant armour {unknown}
Potions
 b - 4 potions of haste
 h - 3 potions of lignification {unknown}
 i - 3 potions of berserk rage {unknown}
 m - a potion of resistance
 n - 3 potions of flight {unknown}
 o - a potion of magic {unknown}
 p - 5 potions of curing
 q - 3 potions of might {unknown}
 r - a potion of invisibility
 s - 2 potions of brilliance {unknown}
 u - 6 potions of heal wounds
 z - 3 potions of mutation {unknown}
 B - 3 potions of degeneration {unknown}


   Skills:
 + Level 8.5 Fighting
 - Level 4.0 Armour
 - Level 5.0 Dodging
 - Level 1.5 Stealth
 * Level 10.0 Spellcasting
 * Level 6.7 Invocations


You had 5 spell levels left.
You knew the following spells:

 Your Spells              Type           Power      Damage    Failure   Level
a - Ozocubu's Armour      Ice            50%        N/A       12%         3
b - Animate Armour        Summ/Erth      100%       N/A       19%         4
c - Blade Hands           Tmut           25%        N/A       32%         5
f - Freeze                Ice            100%       1d11      8%          1
h - Hailstorm             Conj/Ice       50%        3d11      19%         4
n - Necrotise             Necr           100%       1d9       8%          1
r - Frozen Ramparts       Ice            100%       1d16      12%         3
s - Scorch                Fire           100%       2d10      10%         2
B - Blink                 Tloc           100%       N/A       10%         2
Your spell library was empty.

Dungeon Overview and Level Annotations

Branches:
Dungeon (10/15)            Temple (0/1) D:6            Lair (2/5) D:9
    Orc (0/2) D:10
  Swamp: Lair:2-3    Shoals: Lair:2-3     Snake: Lair:2-3    Spider: Lair:2-3

Altars:
Dithmenos
Makhleb
Nemelex Xobeh
Trog
Yredelemnul
Zin
The Shining One

Shops:
D:7 [

Annotations:
Lair:2 Amaemon, Harold


Innate Abilities, Weirdness & Mutations

You have blades for hands.
You are flying.
Your spellcasting is less reliable in this form.
You are incapable of wielding weapons or throwing items.
You are immune to sickness and miasma.
You are immune to poison.
Your flesh is very heat resistant. (rF++)
You are vulnerable to cold. (rC-)
You float through the air rather than walking.
You learn spells naturally, not from books.
Your magical power is your life essence.
You have superior vitality. (+4 MHP)


Message History

Amaemon is almost dead.
The blink frog hits you but does no damage.
The blink frog hits you!
Amaemon gestures wildly while chanting.
The steam dragon breathes steam at you. The ball of steam misses you.
The orange demon barely misses you.
Harold the Weathered comes into view.
He is wielding a +0 trident and carrying a wand of polymorph (4).
Harold shouts!
You hear a horrible gurgling sound!
You hear a bellow!
You hear a croak.
You hear a bellow! x2
You slash the scorpion!
The scorpion is severely wounded.
The blink frog hits you.
* * * LOW HITPOINT WARNING * * *
The scorpion closely misses you.
Amaemon casts a spell at the scorpion.
The scorpion seems to grow toxic.
The orange demon stings you from afar.
* * * LOW HITPOINT WARNING * * *
As you read the scroll of teleportation, it crumbles to dust.
You feel strangely unstable.
Amaemon is no longer more vulnerable to fire.
The scorpion is engulfed in a cloud of scalding steam.
The scorpion stings you but does no damage.
The blink frog hits you!
* * * LOW HITPOINT WARNING * * *
The orange demon stings you but does no damage.
The blink frog hits you!
* * * LOW HITPOINT WARNING * * *
Amaemon hits you with a +0 demon whip of venom.
* * * LOW HITPOINT WARNING * * *
Amaemon misses you.
Amaemon tail-slaps you but does no damage.
The steam dragon completely misses you. The steam dragon barely misses you.
Blink to where?
Press: ? - help, Dir - move target Your icy armour will break if you move.
Continue?
Your icy armour cracks and falls away as you move.
As you read the scroll of blinking, it crumbles to dust.
The scorpion is engulfed in a cloud of scalding steam.
Harold fires a harpoon shot at you. The harpoon shot hits you!
You die...

.+. .. .. .
.#+# #..#
##..# #.@.#
# #..## #
P.#+...##.
.........###
...........#
.....FF§..#
..@..D..s+
.....s.6§#
##P...'#.#


You could see Amaemon, Harold, 2 blink frogs, a steam dragon and 2 scorpions.

Vanquished Creatures
  A two-headed ogre (D:10)
  A cyclops (D:10)
  A manticore (D:10)
  2 black mambas
  Psyche (D:9)
  A komodo dragon (Lair:1)
  An unseen horror (D:9)
  Grinder (D:4)
  A hornet (D:10)
  Sigmund (D:4)
  A shadow (D:10)
  2 wraiths
  3 wyverns
  3 yaks (D:8)
  A basilisk (D:9)
  2 water moccasins
  A black bear (D:4)
  3 ice beasts
  3 orc warriors
  3 sky beasts
  6 ogres
  2 centaurs
  2 phantoms (D:5)
  Blork the orc (D:4)
  4 kobold brigands
  A gnoll sergeant (D:10)
  A scorpion (D:5)
  4 bullfrogs
  3 howler monkeys
  5 hounds
  A jelly (D:7)
  2 gnoll boudas
  5 orc priests
  2 iguanas (D:7)
  7 orc wizards
  8 hell rats
  10 gnolls
  8 adders
  8 river rats (Lair:1)
  A shadow imp (D:6)
  2 white imps
  4 worms
  2 dart slugs
  34 orcs
  4 endoplasms
  3 giant cockroaches
  8 goblins
  10 hobgoblins
  17 kobolds
  6 quokkas
  7 ball pythons
  5 bats
  3 frilled lizards (D:1)
  7 rats
226 creatures vanquished.

Vanquished Creatures (others)
  A goblin (D:3)
  8 bushes (D:6)
  2 fungi (D:9)
  7 plants
18 creatures vanquished.

Grand Total: 244 creatures vanquished

Notes
Turn   | Place    | Note
-------+----------+-------------------------------------------
     0 | D:1      | Godmorgon the Djinni Ice Elementalist began the quest for
                  | the Orb.
     0 | D:1      | Godmorgon set off with the following spells memorised:
                  | Freeze, Frozen Ramparts, Ozocubu's Armour, Hailstorm.
     0 | D:1      | Reached XP level 1. HP: 15/15 MP: 0/0
   252 | D:1      | Reached XP level 2. HP: 19/22 MP: 0/0
   353 | D:1      | Reached skill level 1 in Fighting
   582 | D:1      | Reached XP level 3. HP: 23/27 MP: 0/0
   582 | D:1      | Learned a level 1 spell: Necrotise
  1305 | D:1      | Found a faded altar of an unknown god.
  1631 | D:2      | Reached XP level 4. HP: 25/32 MP: 0/0
  1764 | D:2      | Reached skill level 4 in Spellcasting
  3162 | D:3      | Reached XP level 5. HP: 32/38 MP: 0/0
  3162 | D:3      | Learned a level 2 spell: Scorch
  3580 | D:4      | Noticed an ice beast
  3591 | D:4      | Killed an ice beast
  3592 | D:4      | Reached XP level 6. HP: 3/45 MP: 0/0
  4080 | D:4      | Noticed a black bear
  4086 | D:4      | Killed a black bear
  4087 | D:4      | Reached skill level 5 in Spellcasting
  4198 | D:4      | Noticed Sigmund
  4204 | D:4      | Killed Sigmund
  4205 | D:4      | Reached XP level 7. HP: 32/51 MP: 0/0
  4205 | D:4      | Learned a level 2 spell: Blink
  4402 | D:4      | Noticed Grinder
  4404 | D:4      | Paralysed by Grinder for 4 turns
  4409 | D:4      | Killed Grinder
  4410 | D:4      | Reached skill level 6 in Spellcasting
  4410 | D:4      | Reached XP level 8. HP: 15/58 MP: 0/0
  4800 | D:4      | Noticed Blork the orc
  4806 | D:4      | Killed Blork the orc
  4933 | D:4      | Found a sparkling altar of Nemelex Xobeh.
  4940 | D:4      | Found a glowing silver altar of Zin.
  4997 | D:4      | Found a shadowy altar of Dithmenos.
  5152 | D:5      | Entered Level 5 of the Dungeon
  5193 | D:5      | Reached skill level 5 in Fighting
  5393 | D:5      | Reached skill level 7 in Spellcasting
  5858 | D:5      | Reached XP level 9. HP: 57/66 MP: 0/0
  5858 | D:5      | Learned a level 4 spell: Animate Armour
  6246 | D:5      | Found a burning altar of Makhleb.
  6251 | D:5      | Became a worshipper of Makhleb the Destroyer
  6732 | D:6      | Found a staircase to the Ecumenical Temple.
  6798 | D:6      | Reached skill level 8 in Spellcasting
  8313 | D:7      | Reached skill level 1 in Invocations
  8465 | D:7      | Found Ceusmot's Armour Shoppe.
  8610 | D:8      | Reached * piety under Makhleb
  8611 | D:8      | Reached skill level 1 in Armour
  8613 | D:8      | Reached XP level 10. HP: 51/75 MP: 0/0
  9832 | D:9      | Noticed Psyche
  9840 | D:9      | Killed Psyche
  9841 | D:9      | Reached skill level 9 in Spellcasting
 10038 | D:9      | Found a staircase to the Lair.
 10063 | D:9      | Found a bloodstained altar of Trog.
 10516 | D:9      | Reached ** piety under Makhleb
 10693 | D:9      | Killed an unseen horror
 10881 | D:9      | Found a glowing golden altar of the Shining One.
 11109 | D:10     | Entered Level 10 of the Dungeon
 11114 | D:10     | Noticed a two-headed ogre
 11127 | D:10     | Killed a two-headed ogre
 11128 | D:10     | Reached skill level 5 in Invocations
 11128 | D:10     | Reached XP level 11. HP: 67/81 MP: 0/0
 11128 | D:10     | Learned a level 5 spell: Blade Hands
 11466 | D:10     | Found a staircase to the Orcish Mines.
 11659 | D:10     | Noticed a cyclops
 11710 | D:10     | Killed a cyclops
 12110 | D:10     | Noticed a manticore
 12117 | D:10     | Killed a manticore
 12118 | D:10     | Reached skill level 5 in Dodging
 12525 | D:10     | Found a runed translucent door.
 12530 | D:10     | Found a basalt altar of Yredelemnul.
 12834 | Lair:1   | Entered Level 1 of the Lair of Beasts
 13722 | D:7      | Bought the +1 cloak "Guabbeno" {rC+ Will++} for 412 gold
                  | pieces
 14253 | Lair:1   | Reached skill level 10 in Spellcasting
 14489 | Lair:2   | Noticed Amaemon
 14500 | Lair:2   | Reached *** piety under Makhleb
 14504 | Lair:2   | Noticed Harold
 14506 | Lair:2   | HP: 4/82 [blink frog (7)]
 14507 | Lair:2   | Killed from afar by Harold

Illustrated notes

Levels and vault maps discovered:
D:1:      amcnicky_arrival_gap_in_the_tavern_cellar, layout_loops_cross,
          serial_aquarium, aquarium_bridge_straight [aquarium_subvault_bridge,
          aquarium_subvault_balcony, aquarium_subvault_bridge,
          aquarium_subvault_wall], aquarium_window_3, aquarium_window_2,
          aquarium_window_fake, aquarium_view_2c, aquarium_balcony_1b,
          ebering_ecumenical_altar_abandoned
D:2:      layout_basic
D:3:      layout_loops_ring, kennysheep_minor_cross
D:4:      layout_basic, kennysheep_mini, grunt_temple_overflow_diamond,
          kennysheep_generic_room_14, uniq_grinder, uniq_sigmund,
          uniq_blork_the_orc
D:5:      layout_loops_ring, lightli_temple_of_fire
D:6:      layout_basic, minmay_temple_entry_arrows, kennysheep_path_1,
          minmay_hedge_maze
D:7:      layout_gridville, serial_shops, shop, moated_statue
D:8:      layout_loops_corners
D:9:      layout_basic, nicolae_tso_swordbearing_angel,
          mainiacjoe_overflow_boulevard, dpeg_oklobed_lair,
          kennysheep_generic_room_10, uniq_psyche
D:10:     layout_loops_ring, dk_yredelemnul_ordeal, orc_0_dummy
Lair:1:   layout_cave_shapes, kennysheep_rathole, serial_bayou_shore_a
Lair:2:   layout_roguey, dummy_snake_entry, grunt_forest_small_clearing_treed,
          serial_bayou_shore_b, infiniplex_staircase_pool_2, uniq_gastronok,
          uniq_amaemon, uniq_harold

Skill      XL: |  1  2  3  4  5  6  7  8  9 10 11 |
---------------+----------------------------------+-----
Fighting       | 1 2 3 4 5 7 8 |  8.5
Spellcasting   | 4 5 6 7 8 9 10 | 10.0
Invocations    | 2 5 6 |  6.7
Armour         | 1 3 4 |  4.0
Dodging        | 4 5 |  5.0
Stealth        | |  1.5

Action                   |  1- 3 |  4- 6 |  7- 9 | 10-12 || total
-------------------------+-------+-------+-------+-------++-------
Melee: Unarmed           |     4 |       |       |     3 ||     7
       Dagger            |       |       |       |    10 ||    10
Throw: Dart              |       |       |       |    10 ||    10
 Cast: Freeze            |    32 |    33 |       |       ||    65
       Necrotise         |    31 |    14 |     1 |     5 ||    51
       Scorch            |       |    28 |   130 |   141 ||   299
       Frozen Ramparts   |       |     3 |    16 |    30 ||    49
       Ozocubu's Armour  |       |       |     6 |    22 ||    28
       Blade Hands       |       |       |       |     1 ||     1
       Hailstorm         |       |       |       |     1 ||     1
       Animate Armour    |       |       |       |     1 ||     1
  Use: Scroll            |       |       |     1 |    10 ||    11
Armor: Robe              |     7 |     3 |     7 |       ||    17
       Leather armour    |       |       |       |    42 ||    42
Dodge: Dodged            |    26 |    14 |    21 |    90 ||   151
